 Dungeon Crawl Stone Soup version 0.18-a0-1577-gf591c28 (webtiles) character file.

51 dvd the Sneak (level 3, 0/16 HPs)
             Began as a Spriggan Enchanter on Mar 22, 2016.
             Succumbed to an adder's poison
             ... on level 2 of the Dungeon.
             The game lasted 00:05:10 (1554 turns).

dvd the Sneak (Spriggan Enchanter)                  Turns: 1554, Time: 00:05:10

Health: 0/16       AC:  3    Str:  4    XL:     3   Next: 57%
Magic:  4/8        EV: 20    Int: 17    God:
Gold:   40         SH:  0    Dex: 16    Spells: 3 memorised, 2 levels left

rFire  . . .     SeeInvis +     l - +1 dagger (speed)
rCold  . . .     Gourm    .     b - +1 robe
rNeg   . . .     Faith    .     (shield restricted)
rPois  .         Spirit   .     (helmet restricted)
rElec  .         Dismiss  .     (no cloak)
rCorr  .         Reflect  .     (gloves unavailable)
SustAt .         Harm     .     (boots unavailable)
MR     .....                    (no amulet)
Stlth  +++.......               (no ring)
                                (no ring)

@: lethally poisoned (0 -> -2), very slightly contaminated, hasted, very quick,
not resistant to hostile enchantments, fairly stealthy
A: unfitting armour, repulsion field 1, see invisible, herbivore 3, speed 3,
slow metabolism 2
a: no special abilities


You were on level 2 of the Dungeon.
You were not hungry.

You visited 1 branch of the dungeon, and saw 2 of its levels.

You collected 40 gold pieces.

Inventory:

Hand Weapons
 a - a +0 dagger of electrocution
 h - a +1 dagger
 l - a +1 dagger of speed (weapon)
Armour
 b - a +1 robe (worn)
Scrolls
 e - 2 scrolls of identify
 f - 2 scrolls of remove curse {unknown}
 j - a scroll of magic mapping {unknown}
 k - a scroll of recharging {unknown}
Books
 c - a book of Maledictions

   Spells                             Type                      Level
   a - Corona                         Hexes                        1
   b - Ensorcelled Hibernation        Hexes/Ice                    2
   c - Confuse                        Hexes                        3
   d - Tukima's Dance                 Hexes                        3
   e - Dazzling Spray                 Conjuration/Hexes            3
Comestibles
 d - a bread ration


   Skills:
 + Level 0.2 Fighting
 + Level 1.1 Short Blades
 + Level 3.1 Dodging
 + Level 5.3 Stealth
 + Level 3.4 Spellcasting
 + Level 4.3 Hexes
 + Level 0.1 Ice Magic


You had 2 spell levels left.
You knew the following spells:

 Your Spells              Type           Power        Failure   Level  Hunger
a - Corona                Hex            ###....      2%          1    None
b - Ensorcelled Hibernat  Hex/Ice        ##....       12%         2    ##.....
c - Confuse               Hex            ###.....     10%         3    ###....


Dungeon Overview and Level Annotations

Branches:
Dungeon (2/15)

Altars:


Innate Abilities, Weirdness & Mutations

You are tiny and cannot use many weapons and most armour.
You have supernaturally acute eyesight.
You are a herbivore.
You cover ground extremely quickly.
You need consume almost no food.
You are surrounded by a mild repulsion field (EV +2).


Message History

Found a cloak.
A bat comes into view.
The bat moves out of view.
Casting: Corona
Confirm with . or Enter, or press ? or * to list all spells.
Aiming: Ensorcelled Hibernation
Press: ? - help, Shift-Dir - straight line, f - bat
Aim: a bat (chance to defeat MR: 79%)
The bat looks drowsy...
The helpless bat fails to defend itself.
You impale the bat!!
You kill the bat!
A worm and a hobgoblin come into view.
You see here a bat corpse.
A jackal comes into view.
* * * LOW HITPOINT WARNING * * *
You feel sick.
Unknown command.
A jackal comes into view.
You die...

....[....######.#...####
.....#.#.# ##.#.#..#
#### #.#.####.##.#..###
#.#..............
.g######.##.#..###
#.#######.#.#..#
#..............#
.#######.#.#..# #.#@...#
#.%.<..# #......#
#.####.# #.# .# #.# #
#.# #.# #.#


There were no monsters in sight!

Vanquished Creatures
  An adder (D:2)
  3 dart slugs (D:1)
  2 giant geckos (D:1)
  A giant cockroach (D:1)
  6 goblins (D:1)
  5 hobgoblins
  A ball python (D:2)
  4 bats
  6 kobolds (D:1)
  3 rats
32 creatures vanquished.

Notes
Turn   | Place    | Note
--------------------------------------------------------------
     0 | D:1      | dvd the Spriggan Enchanter began the quest for the Orb.
     0 | D:1      | Reached XP level 1. HP: 9/9 MP: 5/5
   500 | D:1      | Reached XP level 2. HP: 13/13 MP: 5/7
   535 | D:1      | Learned a level 2 spell: Ensorcelled Hibernation
  1052 | D:1      | Reached skill level 5 in Stealth
  1126 | D:1      | Reached XP level 3. HP: 16/16 MP: 5/8
  1287 | D:1      | Learned a level 3 spell: Confuse
  1523 | D:2      | Gained mutation: You are surrounded by a mild repulsion field (EV +2). [potion of beneficial mutation]
  1554 | D:2      | Succumbed to an adder's poison

Vault maps used:
D:1:      lightli_arrival_windingriver
D:2:      grunt_pakellas_basics

Skill      XL: |  1  2 |
---------------+-------+-----
Spellcasting   | 3 |  3.4
Hexes          | 4 |  4.3
Stealth        | 5 |  5.3
Fighting       | |  0.2
Short Blades   | |  1.1
Dodging        | |  3.1
Ice Magic      | |  0.1

Action                   || total
-------------------------++-------
Melee: Dagger            ||    62
 Cast: Corona            ||     6
       Ensorcelled Hiber ||    24
  Use: Scroll            ||     2
       Potion            ||     2
 Stab: Sleeping          ||    25
